 Dungeon Crawl Stone Soup version 0.30-a0-782-ge64f9170bb (webtiles) character file.

Game seed: 6920956145151215426

1328 Dirtsage the Cleaver (level 8, -4/58 HPs)
             Began as a Demonspawn Fighter on Mar 14, 2023.
             Slain by a yak (15 damage)
             ... on level 5 of the Dungeon.
             The game lasted 00:11:25 (6170 turns).

Dirtsage the Cleaver (Demonspawn Fighter)           Turns: 6170, Time: 00:11:25

Health: -4/58      AC:  7    Str: 19    XL:     8   Next: 34%
Magic:  0/8        EV:  9    Int:  9    God:
Gold:   491        SH:  4    Dex: 13    Spells: 7/7 levels left

rFire   . . .      SeeInvis .    a - +0 war axe
rCold   + . .      Faith    .    c - +0 buckler
rNeg    . . .      Spirit   +    b - +0 scale mail
rPois   .          Reflect  .    (helmet restricted)
rElec   .          Harm     .    (no cloak)
rCorr   .          Rampage  .    (no gloves)
Will    .....                    j - +0 pair of boots Stlth
                                 (no amulet)
HPRegen 0.29/turn                I - ring of protection from cold
MPRegen 0.22/turn                (no ring)

@: no status effects
A: antennae 2, magic shield, magic regeneration, magic link
a: no special abilities


You were on level 5 of the Dungeon.
You visited 1 branch of the dungeon, and saw 6 of its levels.
You also visited: Ossuary.

You collected 563 gold pieces.
You spent 72 gold pieces at shops.

Inventory:

Hand Weapons
 a - a +0 war axe (weapon)
 E - a +3 battleaxe of freezing
Armour
 b - a +0 scale mail (worn)
 c - a +0 buckler (worn)
 j - a +0 pair of boots (worn)
 x - a +0 kite shield
Magical Staves
 p - a staff of poison
 H - a staff of death
Jewellery
 I - a ring of protection from cold (left hand)
 N - a ring of positive energy
Wands
 z - a wand of polymorph (12)
Scrolls
 f - 6 scrolls of identify {unknown}
 l - a scroll of amnesia {unknown}
 m - 2 scrolls of enchant weapon {unknown}
 n - 2 scrolls of vulnerability {unknown}
 r - a scroll of poison {unknown}
 s - a scroll of noise {unknown}
 t - a scroll of teleportation
 u - 2 scrolls of magic mapping {unknown}
 v - 3 scrolls of fog {unknown}
 w - a scroll of silence {unknown}
 y - a scroll of fear {unknown}
 F - a scroll of blinking {unknown}
Potions
 d - a potion of might
 e - a potion of cancellation {unknown}
 g - a potion of mutation {unknown}
 h - 3 potions of attraction {unknown}
 i - a potion of haste {unknown}
 k - 3 potions of flight {unknown}
 o - 3 potions of heal wounds {unknown}
 q - 5 potions of curing
 A - a potion of brilliance {unknown}
 B - 2 potions of degeneration {unknown}
 C - a potion of lignification {unknown}
 D - a potion of berserk rage {unknown}
 G - a potion of magic {unknown}


   Skills:
 - Level 3.0 Fighting
 + Level 9.5 Axes
 - Level 2.6 Armour
 - Level 2.6 Shields


You had 7 spell levels left.
You didn't know any spells.
Your spell library contained the following spells:

 Spells                   Type           Power      Damage    Failure   Level
 Shock                    Conj/Air       0%         1d3       86%         1
 Ensorcelled Hibernation  Hex/Ice        0%         N/A       94%         2
 Kindle Blastsparks       Fire/Tloc/Air  0%         2d10      99%         3
 Spider Form              Tmut/Pois      0%         N/A       99%         3
 Swiftness                Air            0%         N/A       99%         3
 Airstrike                Air            0%         2d(0-16)  100%        4
 Anguish                  Hex/Necr       0%         N/A       100%        4
 Fulminant Prism          Conj/Hex       0%         3d5       100%        4
 Iskenderun's Mystic Bla  Conj/Tloc      0%         2d3       100%        4
 Lee's Rapid Deconstruct  Erth           0%         3d4*      100%        5


Dungeon Overview and Level Annotations

Branches:
Dungeon (6/15)            Ossuary (visited)
 Temple: D:4-7

Altars:
Dithmenos
Wu Jian

Shops:
D:2 *


Innate Abilities, Weirdness & Mutations

You have a pair of antennae on your head.
When hurt, damage is shared between your health and your magic reserves.
You regenerate magic rapidly.
When low on magic, you restore magic in place of health.


Message History

The yak gores you!
You climb upwards.
There is a stone staircase leading down, spattered with blood here.
You take 10 damage, and have 48/58 hp.
You now have 7/8 mp.
You hit the yak but do no damage. The yak gores you!
You take 7 damage, and have 41/58 hp.
You now have 6/8 mp.
You hit the yak.
The yak is lightly wounded.
You block the yak's attack.
You hit the yak.
The yak is lightly wounded.
You block the yak's attack.
You slash the yak!
The yak is heavily wounded.
You block the yak's attack.
You hit the yak.
The yak is heavily wounded.
The yak gores you!
You take 8 damage, and have 34/58 hp.
You now have 6/8 mp.
You slash the yak!
The yak is almost dead.
The yak gores you!
You take 10 damage, and have 24/58 hp.
You now have 5/8 mp.
You closely miss the yak.
The yak is almost dead.
The yak gores you!
* * * LOW HITPOINT WARNING * * *
You take 7 damage, and have 17/58 hp.
You now have 4/8 mp.
You hit the yak but do no damage.
The yak is almost dead.
The yak gores you!
* * * LOW HITPOINT WARNING * * *
You take 7 damage, and have 10/58 hp.
You now have 3/8 mp.
You barely miss the yak.
The yak is almost dead.
The yak gores you!
* * * LOW HITPOINT WARNING * * *
You take 8 damage, and have 2/58 hp.
You now have 0/8 mp.
You feel better. The yak gores you!
You die...

........#..###
#.........####.#
........##...## #.........#
#.# ....########..#
#.........# #.# ....# ##.#
####....#.# #.#
....#########(#######.##.#.#
#.#
.......................#.#.#
#.#
....#######.......###..#.#.#
#.# ....# #.....).##...#.#.#
#.# ..###
####.Y@[...#.#.#.####.# ..#
#.[)........#....#.# ..#
#..######...####.#.# ..#
#..#........# #.#.# #.#
#..#.###....# #.#.# #.#
#..#.# #....# #.#.# ..#
#..#.# #....# #.#.#
##############..#.#
#....####.#.#
................#.#
###..#....#.#


You could see a yak.

Vanquished Creatures
  A yak (D:5)
  An ice beast (D:6)
  An ogre (D:6)
  2 bullfrogs
  A necrophage (D:5)
  2 scorpions
  A wight (D:5)
  3 hounds
  An orc priest (D:5)
  A jelly (D:5)
  5 iguanas
  3 orc wizards
  8 mummies (Ossuary)
  4 gnolls (D:5)
  6 adders
  An ufetubus (D:4)
  2 dart slugs
  7 orcs
  3 bats
  13 endoplasms
  2 giant cockroaches
  2 gnoll zombies (Ossuary)
  7 hobgoblins
  6 jackals
  3 quokkas
  7 ball pythons
  2 frilled lizards (D:1)
  5 goblins
  2 hobgoblin zombies (Ossuary)
  11 kobolds
  3 kobold zombies (Ossuary)
  An orc zombie (Ossuary)
  7 rats
124 creatures vanquished.

Vanquished Creatures (others)
  6 plants (D:1)
6 creatures vanquished.

Grand Total: 130 creatures vanquished

Notes
Turn   | Place    | Note
-------+----------+-------------------------------------------
     0 | D:1      | Dirtsage the Demonspawn Fighter began the quest for the
                  | Orb.
     0 | D:1      | Reached XP level 1. HP: 18/18 MP: 1/1
    53 | D:1      | Reached skill level 2 in Axes
   158 | D:1      | Gained mutation: You have a pair of small antennae on your
                  | head. [demonic ancestry]
   158 | D:1      | Reached XP level 2. HP: 15/24 MP: 2/2
   508 | D:1      | Reached skill level 3 in Axes
   706 | D:1      | Gained mutation: You regenerate magic rapidly. [demonic
                  | ancestry]
   706 | D:1      | Reached XP level 3. HP: 29/29 MP: 3/3
  1086 | D:2      | Found a faded altar of an unknown god.
  1359 | D:2      | Found Kepsaaxt's General Store.
  1370 | D:2      | Bought a potion of curing for 36 gold pieces
  1370 | D:2      | Bought a scroll of teleportation for 36 gold pieces
  1662 | D:2      | Reached skill level 4 in Axes
  1662 | D:2      | Gained mutation: When hurt, damage is shared between your
                  | health and your magic reserves. [demonic ancestry]
  1662 | D:2      | Reached XP level 4. HP: 33/35 MP: 4/4
  1764 | D:2      | Identified the +3 spear of Blood-Lust {heavy, rN+}
  2626 | D:4      | Noticed a scorpion
  2630 | D:4      | Killed a scorpion
  2631 | D:4      | Reached skill level 5 in Axes
  2631 | D:4      | Reached XP level 5. HP: 30/41 MP: 5/5
  2768 | D:4      | Found a shadowy altar of Dithmenos.
  3110 | D:5      | Entered Level 5 of the Dungeon
  3118 | D:5      | Gained mutation: You have a pair of antennae on your head.
                  | [demonic ancestry]
  3118 | D:5      | Reached XP level 6. HP: 39/47 MP: 6/6
  3239 | D:5      | Reached skill level 6 in Axes
  3399 | D:5      | Found a sand-covered staircase.
  3407 | Ossuary  | Entered an ossuary
  3957 | D:5      | Found an ornate altar of the Wu Jian Council.
  4427 | D:5      | Reached skill level 7 in Axes
  4427 | D:5      | Gained mutation: When low on magic, you restore magic in
                  | place of health. [demonic ancestry]
  4427 | D:5      | Reached XP level 7. HP: 36/52 MP: 7/7
  4868 | D:5      | Reached skill level 8 in Axes
  5389 | D:6      | Noticed a yak
  5409 | D:6      | Noticed a yak
  5411 | D:6      | Noticed a yak
  5557 | D:5      | Reached XP level 8. HP: 51/58 MP: 8/8
  5599 | D:5      | Reached skill level 9 in Axes
  6169 | D:5      | HP: 2/58 [yak (8)]
  6170 | D:5      | Slain by a yak

Illustrated notes

Levels and vault maps discovered:
D:1:      saegor_arrival_simple_b, layout_basic, serial_bayou_lake_a
D:2:      minmay_evil_eye, layout_basic, serial_shops, shop_coins,
          shapermc_ecumenical_altar_totnotflames
D:3:      layout_basic
D:4:      layout_gridville, lemuel_doored_altar
D:5:      layout_basic, mainiacjoe_overflow_chevrons,
          nicolae_ossuary_entry_plus, minivault_24
D:6:      layout_rooms, brannock_xom_greatest_gift,
          gammafunk_temple_overflow_statue, nicolae_overflow_crystal_walls

Skill      XL: |  1  2  3  4  5  6  7  8 |
---------------+-------------------------+-----
Axes           | 2 3 4 5 7 8 9 |  9.5
Fighting       | |  3.0
Armour         | |  2.6
Shields        | |  2.6

Action                     |  1- 3 |  4- 6 |  7- 9 || total
---------------------------+-------+-------+-------++-------
  Melee: War axe           |   122 |   184 |   135 ||   441
  Throw: Throwing net      |       |       |     1 ||     1
    Use: Scroll            |       |       |     2 ||     2
         Potion            |       |       |     2 ||     2
 Armour: Scale mail        |    62 |    71 |    36 ||   169
  Dodge: Dodged            |    59 |    85 |    45 ||   189
  Block: Buckler           |    27 |    32 |    26 ||    85

Table legend: (Time is in decaauts)
 A = Elapsed time spent in this place.
 B = Non-inter-level travel time spent in this place.
 C = Inter-level travel time spent in this place.
 D = Time resting spent in this place.
 E = Time spent auto-exploring this place.
 F = Levels seen in this place.
 G = Mean time per level.
                   A        B        C        D        E       F      G
               +--------+--------+--------+--------+--------+-----+--------+
         Total |   6314 |   6110 |    204 |    746 |   4334 |   7 |  902.0 |
       Dungeon |   5800 |   5596 |    204 |    639 |   4059 |   6 |  966.7 |
       Ossuary |    514 |    514 |      0 |    107 |    275 |   1 |  514.0 |
               +--------+--------+--------+--------+--------+-----+--------+

Top non-repeatable levels by time:
     D:5: 1813 daAuts
     D:1: 1101 daAuts
     D:2: 924 daAuts
     D:6: 780 daAuts
     D:3: 612 daAuts
     D:4: 566 daAuts
 Ossuary: 514 daAuts
